← All builds
Tech / Armada / Economy first / OBSERVED BUILD

Standard tech

Armada Tech (Eco) build order · Supreme Isthmus

Rushes the T2 bot lab and advanced metal extractors while supplying teammates with constructors, scaling eco through the standard Citadel/Umbrella/Platypus transition.

Usually first T2 con to Geo (83%)

#t2 #eco #team support · 1662 distinct matches · 259 players · 60% of Armada Tech games · team won 54% of 1977 · Recently observed

HOW TO PLAY IT

Key timing: T2 factory by 4:15

  1. Open 3 mex and heavy wind to fund a fast T2 rush.
  2. Put down Bot Lab, planning to eat it for reclaim soon after.
  3. Get Advanced Bot Lab up, hitting the T2 factory rush timing.
  4. Upgrade mex to Advanced Metal Extractor to lock in team metal income.
  5. Eat Advanced Bot Lab and keep sending cons to Geo and Pond.

Phase by phase

TYPICAL OF ITS 1662 GAMES
  1. 1
  2. 2
  3. 3
  4. 4
PLAY THE OPENING

Follow the example game's first 6:00 step by step: what to build now, what comes next, and where it goes. At 1× it keeps pace with your own game.

  1. 1

    Up to the Bot Lab

    Economy
    • Metal Extractor3Mex
    • Wind Turbine4Wind
    Order
    1. Bot LabBot Lab after 3 mex, 4 winddone ~1:18, middle half 1:13–1:32

    Some games also: energy storage (32%)

    By 1:01 in all: 3 mex · 4 wind

    The example game in this phase · 4 steps
    1. Mex ×3
    2. Wind ×4
    3. Energy storage
    4. Bot LabBot Labdone 1:35 · typical 1:18
  2. 2

    Bot Lab to Advanced Bot Lab

    Economy
    • Metal Extractor1Mex
    • Wind Turbine8Wind
    • Energy Storage1Energy storage
    Order
    1. Advanced Bot LabAdvanced Bot Lab after 4 mex, 12 wind, 3 con turretdone ~4:16, middle half 4:04–4:30
    Builders
    • Construction Turret3 Con turret
    • Lazarus3 Lazarus
    • Construction Bot2 Con bot
    • Construction Bot1 Con bot for allies

    Some games also: converter (36%)

    By 3:18 in all: 4 mex · 12 wind · 1 energy storage · 3 con turret

    The example game in this phase · 18 steps
    1. LazarusLazarus
    2. Wind
    3. Construction BotCon bot
    4. LazarusLazarus
    5. Construction BotCon bot
    6. LazarusLazarus
    7. Con turret
    8. Construction BotCon botfor Air
    9. Mex
    10. Converter
    11. Con turret
    12. LazarusLazarus
    13. Converter ×2
    14. Con turret
    15. Converter
    16. Wind
    17. Construction BotCon bot
    18. Advanced Bot LabAdvanced Bot Labdone 3:55 · typical 4:16
  3. 3

    Advanced Bot Lab to 5:00

    Economy
    • Wind Turbine3Wind
    Order
    1. Bot LabEat Bot Lab
    Builders
    • Advanced Construction Bot1 T2 con bot for allies

    Some games also: converter (35%)

    By 5:00 in all: 4 mex · 15 wind · 1 converter · 1 energy storage · 3 con turret

    The example game in this phase · 11 steps
    1. Bot LabEat Bot Labreclaimed for its metal
    2. Wind ×2
    3. Advanced Construction BotT2 con botfor Geo
    4. Wind
    5. GunslingerGunslingerfor Ponddone 4:21
    6. Advanced Metal ExtractorT2 mexdone 5:51 · typical 5:28
    7. Wind
    8. Converter
    9. Advanced Construction BotT2 con botfor Air
    10. Converter
    11. Wind ×3
  4. 4

    5:00 to 10:00

    Economy
    • Wind Turbine43Wind
    • Energy Converter6Converter
    Builders
    • Butler9 Butler
    • Advanced Construction Bot4 T2 con bot for allies
    • Advanced Construction Bot1 T2 con bot

    Some games also: con turret (43%) · Butler for allies (37%)

    By 10:00 in all: 4 mex · 58 wind · 8 converter · 1 energy storage · 3 con turret

    The example game in this phase · 211 steps
    1. Wind ×3
    2. Advanced Metal ExtractorT2 mex ×3
    3. Converter
    4. Con turret
    5. Converter ×3
    6. ButlerButler
    7. Converter
    8. Wind
    9. ButlerButler
    10. Wind
    11. Converter
    12. ButlerButler
    13. Wind
    14. Converter
    15. Advanced Construction BotT2 con botfor Geo sea
    16. Converter
    17. Wind
    18. ButlerButler
    19. Wind ×2
    20. ButlerButler
    21. Wind ×4
    22. ButlerButler
    23. Wind ×3
    24. Advanced Construction BotT2 con botfor Beach sea
    25. Wind ×6
    26. ButlerButlerfor Beach sea
    27. Wind ×5
    28. ButlerButlerfor Beach sea
    29. Wind ×4
    30. ButlerButler
    31. Wind ×5
    32. ButlerButler
    33. Wind ×4
    34. Con turret
    35. Wind
    36. ButlerButler
    37. Wind ×4
    38. UmbrellaAnti-nukedone 9:38
    39. Wind ×8
    40. Advanced Construction BotT2 con botfor Pond
    41. Wind ×7
    42. ButlerButler
    43. Converter
    44. Wind ×2
    45. Con turret
    46. Wind ×2
    47. Converter
    48. ButlerButler
    49. Wind ×2
    50. Converter
    51. ButlerButler
    52. Wind
    53. Energy storage
    54. Wind
    55. Converter
    56. ButlerButler
    57. Wind ×2
    58. Converter
    59. Wind ×2
    60. ButlerButler
    61. Converter
    62. Wind ×2
    63. Energy storage
    64. Wind ×2
    65. Converter
    66. Wind ×2
    67. ButlerButler
    68. Wind ×3
    69. Converter
    70. Wind ×3
    71. Converter
    72. Wind ×2
    73. Advanced Construction BotT2 con bot
    74. Wind ×3
    75. Converter
    76. Wind ×6
    77. Converter
    78. Wind ×4
    79. Converter
    80. Wind
    81. Converter
    82. Wind ×8
    83. Converter
    84. Wind ×6
    85. Converter
    86. Wind ×2
    87. TracerTracer
    88. Wind ×8
    89. Converter
    90. Wind ×4
    91. Converter
    92. Wind ×7
    93. Converter ×2
    94. Wind ×3
    95. PlatypusPlatypus
    96. Wind ×6
    97. Converter ×2
    98. Wind
    99. PlatypusPlatypus
    100. Wind ×6
    101. Converter
    102. Wind ×7
    103. Metal storage
    104. Wind ×3
    105. Converter ×2
    106. Wind ×4
    107. Con turret
    108. Wind ×4
    109. Converter
    110. Wind ×2
    111. Converter
    112. Wind
    113. Fusion ReactorFusiondone 13:21
    114. Wind ×3
    115. Converter
    116. Wind ×3
    117. Con turret
    118. Wind ×4
    119. Converter
    120. Wind ×5
    121. Converter
    122. Wind ×4
    123. Converter
    124. Wind
    125. Energy storage
    126. Converter
    127. Wind ×2
    128. Converter
    129. Wind ×2
    130. Converter
    131. Wind ×3
    132. Advanced Bot LabEat Advanced Bot Labreclaimed for its metal
    133. Wind
    134. Converter
    135. Wind ×3
    136. Converter
    137. Wind ×2
    138. T2 converter
    139. Wind ×2
    140. Converter
    141. Wind ×2
    142. Converter ×2
    143. Con turret
    144. Wind
    145. Fusion ReactorFusion
    146. Con turret
    147. Wind ×2
    148. Converter
    149. Wind ×6
    150. Converter
    151. Wind ×6
    152. Converter
    153. Wind ×6
    154. Converter
    155. Wind ×5
    156. Converter ×2
    157. Wind ×2
    158. Converter
    159. Wind ×2
    160. Converter
    161. Wind
    162. Advanced solar
    163. Wind ×2
    164. Converter ×2
    165. Wind ×3
    166. Converter
    167. Wind
    168. Con turret
    169. Wind
    170. Converter
    171. Wind
    172. Converter
    173. Wind
    174. Con turret
    175. Wind
    176. Converter
    177. Wind ×3
    178. Converter
    179. Wind ×3
    180. Con turret
    181. Converter ×3
    182. Wind ×2
    183. Con turret
    184. Wind ×2
    185. Converter
    186. Wind
    187. Converter
    188. Wind
    189. Con turret
    190. Wind ×3
    191. Con turret
    192. Converter
    193. Wind ×2
    194. Converter
    195. Wind ×2
    196. Converter
    197. Wind ×4
    198. Converter ×2
    199. Wind ×2
    200. Converter
    201. Wind ×2
    202. Converter
    203. Wind
    204. Advanced Fusion ReactorAdvanced Fusion Reactornot finished by 15:00
    205. Converter
    206. Wind ×4
    207. Converter
    208. Wind ×3
    209. Converter
    210. Wind
    211. Converter

Counts are medians over the build's games: half of them build more, half fewer. The example game is Godmother13's (39 OS, 14/10/2026); pick another.

Team trades

IN AT LEAST 30% OF ITS GAMES

You hand over

  • Construction Bot1 Con bot to Airfirst at 2:23 · in 84% of games
  • Advanced Construction Bot5 T2 con bot to Air or Geo sea or Pondfirst at 4:51 · in 99% of games
  • Butler2 Butler to Geo sea or Beach sea or Pondfirst at 9:06 · in 42% of games

You get

  • Hercules1 Light transport from Airfirst at 4:01 · in 86% of games

How it plays out

Typical game of this build, running totals by minute

Metal produced

020k40k
0:005:0010:0015:00

metal

Enemy metal destroyed

050100150
0:005:0010:0015:00

metal

Own metal lost

050100150
0:005:0010:0015:00

metal

1977 games.

Show as table
ByMetal produced: This buildEnemy metal destroyed: This buildOwn metal lost: This build
1:0038300
2:0091500
3:00165400
4:00314400
5:00484600
6:00580300
7:00723300
8:00906900
9:001119900
10:001353800
11:001625700
12:001967700
13:002346000
14:0027328074
15:0031531105130
WHAT THE NUMBERS SAY

Standard Tech play barely fights at all early, instead pouring metal into T2 infrastructure and constructors for the team.

  • + Metal produced hits 31679 by 15:00, by far the highest of any role here.
  • + T2 factory reached in 97% of games by 4:15, fastest and most reliable T2 timing.
  • − Enemy metal destroyed stays at 0 through 10:00, no early offense at all.
  • − Own metal lost also near 0, showing total avoidance of combat risk.
THE EXAMPLE YOU ARE READING

Godmother13

39.0 OS · 14/10/2026

Open source match ↗

1 received units
2169 metal received · 142281 energy received

Allied construction assistance is unknown. Timings are observations, not a promise of solo reproducibility.

Typical milestones

Bot Lab1:18Middle 50%: 1:13–1:32 · n=1977
Advanced Bot Lab4:16Middle 50%: 4:04–4:30 · n=1970
Advanced Metal Extractor5:28Middle 50%: 5:05–5:58 · n=1973

Played most by

Amrissa95games of this buildTheGeneraI70games of this buildAdeus57games of this buildEl_Turco56games of this buildKOT_45games of this build
Standard tech · Armada Tech (Eco) build order · BAR Build Atlas